AoeStats
← VkA | Torado

Arabian Desert

510225625Analyzed
1v1 RM · 4d ago on Sep 30, 2026· 21m 1s· 2 players
Game mode
Random Map
Map size
Tiny (2 player)
Population
200
Speed
Normal
Resources
Standard
Victory
Conquest
Starting age
Dark Age
Ending age
Imperial Age
RankedLock teamsTeams togetherTeam positionsShared explorationLock speedFull tech treeHidden civsTurbo modeCheats
Victory
Defeat
🇧🇷 Khmer · Brazil
946
+44
🇨🇱 Romans · Chile
921
-15
rakunt
10:37 Loom
12:33 Feudal Age
17:13 Man-at-Arms
19:12 Double-Bit Axe
VkA | Torado
5:59 Loom
8:47 Feudal Age
9:15 Double-Bit Axe
12:18 Fletching
13:50 Padded Archer Armor
19:42 Castle Age
17:49 Horse Collar
18:50 Scale Barding Armor
19:13 Scale Mail Armor
19:27 Bloodlines
20:04 Gold Mining
21:09 Bow Saw
Connection lost

Rejoining the realm…

Still unreachable

The connection could not be restored.

Session expired

The server has moved on; the page needs a fresh start.